 Dungeon Crawl Stone Soup version 0.28-a0-1565-g95a8017c83 (webtiles) character file.

Game seed: 6459106093014725606

124 Gwenloh the Conjurer (level 4, -1/24 HPs)
             Began as a Deep Elf Conjurer on Jan 19, 2022.
             Killed from afar by an orc wizard (2 damage)
             ... with a magic dart
             ... on level 2 of the Dungeon.
             The game lasted 00:06:03 (2537 turns).

Gwenloh the Conjurer (Deep Elf Conjurer)            Turns: 2537, Time: 00:06:04

Health: -1/24      AC:  3    Str:  4    XL:     4   Next: 81%
Magic:  2/12       EV: 12    Int: 25    God:
Gold:   85         SH:  0    Dex: 13    Spells: 1/11 levels left

rFire   . . .      SeeInvis .   l - +3 quarterstaff (chaos)
rCold   . . .      Faith    .   (shield currently unavailable)
rNeg    + . .      Spirit   .   a - +0 robe
rPois   .          Reflect  .   (no helmet)
rElec   .          Harm     .   d - +0 cloak
rCorr   .          Rampage  .   (no gloves)
Will    .....                   (no boots)
Stlth   ++........              i - macabre finger necklace {rN+}
HPRegen 0.08/turn               (no ring)
MPRegen 0.13/turn               (no ring)
                                (no ring)

@: no status effects
A: no striking features
a: no special abilities


You were on level 2 of the Dungeon.
You visited 1 branch of the dungeon, and saw 3 of its levels.

You collected 85 gold pieces.

Inventory:

Hand Weapons
 b - a +0 dagger
 k - a +0 lajatang
 l - a +3 quarterstaff of chaos (weapon)
Armour
 a - a +0 robe (worn)
 d - a +0 cloak (worn)
Jewellery
 i - the macabre finger necklace (around neck) {rN+}
   (You found it on level 2 of the Dungeon)

   [amulet of nothing]

   It enables you to equip an extra ring.
   rN:        It protects you from negative energy.
Scrolls
 e - a scroll of fear {unknown}
 f - a scroll of identify {unknown}
 g - a scroll of silence {unknown}
 h - a scroll of enchant armour {unknown}
 j - a scroll of blinking {unknown}
Potions
 c - 4 potions of heal wounds {unknown}


   Skills:
 - Level 2.4 Dodging
 + Level 3.9 Stealth
 + Level 4.2 Spellcasting
 * Level 5.7 Conjurations
 * Level 0.5 Hexes


You had one spell level left.
You knew the following spells:

 Your Spells              Type           Power      Damage    Failure   Level
a - Magic Dart            Conj           100%       1d8       1%          1
b - Searing Ray           Conj           66%        2d6       1%          2
c - Confusing Touch       Hex            8%         N/A       22%         3
d - Fulminant Prism       Conj/Hex       10%        3d9       24%         4

Your spell library contained the following spells:

 Spells                   Type           Power      Damage    Failure   Level
 Dazzling Flash           Conj/Hex       40%        N/A       8%          3
 Iskenderun's Mystic Bla  Conj/Tloc      19%        2d6       28%         4
 Yara's Violent Unravell  Hex/Tmut       3%         3d4       91%         5
 Enfeeble                 Hex            4%         N/A       100%        7


Dungeon Overview and Level Annotations

Branches:
Dungeon (3/15)

Altars:


Message History

You don't have enough magic to cast this spell.
The orc wizard barely misses you.
You climb upwards.
There is a stone staircase leading down here.
You barely miss the orc wizard.
The orc wizard is lightly wounded.
The orc wizard gestures at you while chanting.
The magic dart hits you.
You barely miss the orc wizard.
The orc wizard is lightly wounded.
The orc wizard points at you and mumbles some strange words.
The puff of flame misses you.
You barely miss the orc wizard.
The orc wizard is lightly wounded.
The orc wizard hits you with a +0 dagger.
The orc wizard gestures wildly while chanting.
The orc wizard flickers and vanishes!
Deactivating autopickup; reactivate with Ctrl-A.
Casting: Searing Ray (safe; 1% risk of failure)
Confirm with . or Enter, or press ? or * to list all spells.
You don't know that spell.
Casting: Searing Ray (safe; 1% risk of failure)
Confirm with . or Enter, or press ? or * to list all spells.
You don't have enough magic to cast this spell.
You miss something.
You hear some strange, mumbled words.
A magic dart appears from out of thin air!
The magic dart hits you.
You hit something but do no damage. Something hits you but does no damage.
You hit something. You burn something. Something hits you. x2
* * * LOW HITPOINT WARNING * * *
You sock something! Something hits you.
* * * LOW HITPOINT WARNING * * *
You hit something but do no damage. Something hits you.
* * * LOW HITPOINT WARNING * * *
You closely miss something.
You hear some strange, mumbled words.
A magic dart appears from out of thin air!
The magic dart hits you.
You die...

#.#......)....#.### #.#
#.#..########.###### #.#
#.#..#†......<.....# #.#
#.#..#.###########.# #.#
#.#..#.........# #.# #.#
#.############.# #.# #.#
#..........# #.# #.# #.#
#.########.###.###.###.##
...............{@#......#
.#############.##########
....<..........#
.###########.#.# .# #...#
'# ##### .# .# .##♣♣♣♣♣


There were no monsters in sight!

Vanquished Creatures
  Crazy Yiuf (D:2)
  2 adders (D:2)
  A gnoll (D:3)
  3 dart slugs
  2 orcs (D:3)
  6 bats
  12 endoplasms
  2 giant cockroaches
  4 goblins
  6 hobgoblins
  3 kobolds
  2 quokkas
  3 ball pythons
  4 frilled lizards
  3 rats
54 creatures vanquished.

Vanquished Creatures (others)
  5 toadstools (D:3)
5 creatures vanquished.

Grand Total: 59 creatures vanquished

Notes
Turn   | Place    | Note
-------+----------+-------------------------------------------
     0 | D:1      | Gwenloh the Deep Elf Conjurer began the quest for the Orb.
     0 | D:1      | Reached XP level 1. HP: 10/10 MP: 6/6
   303 | D:1      | Reached XP level 2. HP: 15/15 MP: 1/8
   306 | D:1      | Learned a level 2 spell: Searing Ray
   793 | D:1      | Found a faded altar of an unknown god.
   795 | D:1      | Noticed a shining eye
   796 | D:1      | Noticed a shining eye
   796 | D:1      | Noticed a great orb of eyes
   796 | D:1      | Noticed a great orb of eyes
   823 | D:1      | Reached skill level 5 in Conjurations
   857 | D:1      | Reached XP level 3. HP: 19/19 MP: 8/10
  1489 | D:2      | Found the macabre finger necklace {rN+}
  1775 | D:2      | Reached XP level 4. HP: 24/24 MP: 8/11
  1954 | D:2      | Found a runed translucent door.
  1955 | D:2      | Noticed Crazy Yiuf
  2240 | D:2      | Killed Crazy Yiuf
  2429 | D:2      | Learned a level 3 spell: Confusing Touch
  2434 | D:2      | Learned a level 4 spell: Fulminant Prism
  2536 | D:2      | HP: 1/24 [something (3)]
  2537 | D:2      | Killed from afar by an orc wizard

Illustrated notes

Levels and vault maps discovered:
D:1:      dpeg_arrival_erosion, layout_basic,
          hellmonk_ecumenical_altar_watching_god
D:2:      layout_basic, uniq_crazy_yiuf_cottage
D:3:      layout_basic, okawaru_gym_becter, st_stairs_10,
          minmay_gold_behind_fungi, uniq_terence

Skill      XL: |  1  2  3  4 |
---------------+-------------+-----
Stealth        | 3 |  3.9
Conjurations   | 5 |  5.7
Spellcasting   | 4 |  4.2
Dodging        | |  2.4
Hexes          | |  0.5

Action                   |  1- 3 |  4- 6 || total
-------------------------+-------+-------++-------
Melee: Dagger            |     2 |       ||     2
       Quarterstaff      |       |     9 ||     9
       Lajatang          |       |     1 ||     1
 Cast: Magic Dart        |    65 |    14 ||    79
       Searing Ray       |     5 |     9 ||    14
 Stab: Sleeping          |       |     1 ||     1
Armor: Robe              |     1 |     1 ||     2
Dodge: Dodged            |     6 |     5 ||    11

Table legend: (Time is in decaauts)
 A = Elapsed time spent in this place.
 B = Non-inter-level travel time spent in this place.
 C = Inter-level travel time spent in this place.
 D = Time resting spent in this place.
 E = Time spent auto-exploring this place.
 F = Levels seen in this place.
 G = Mean time per level.
                   A        B        C        D        E       F      G
               +--------+--------+--------+--------+--------+-----+--------+
         Total |   2539 |   2389 |    150 |    197 |   1927 |   3 |  846.3 |
       Dungeon |   2539 |   2389 |    150 |    197 |   1927 |   3 |  846.3 |
               +--------+--------+--------+--------+--------+-----+--------+

Top non-repeatable levels by time:
     D:1: 1283 daAuts
     D:2: 1241 daAuts
     D:3: 14 daAuts
